 Dungeon Crawl Stone Soup version 0.30-a0-778-g2ef04afb54 (webtiles) character file.

Game seed: 6827852360481536787

321 Smoke131 the Chucker (level 6, -20/61 HPs)
             Began as an Ogre Gladiator on Feb 15, 2023.
             Demolished by an ogre
             ... wielding a +0 giant spiked club
              (28 damage)
             ... on level 6 of the Dungeon.
             The game lasted 00:09:08 (3394 turns).

Smoke131 the Chucker (Ogre Gladiator)               Turns: 3394, Time: 00:09:09

Health: -20/61     AC:  5    Str: 25    XL:     6   Next: 46%
Magic:  15/15      EV: 11    Int: 11    God:
Gold:   142        SH:  0    Dex: 18    Spells: 5/5 levels left

rFire   . . .      SeeInvis .    a - +0 war axe
rCold   + . .      Faith    .    (no shield)
rNeg    . . .      Spirit   .    b - +0 robe
rPois   .          Reflect  .    c - +0 hat
rElec   .          Harm     .    j - +1 cloak
rCorr   .          Rampage  .    (gloves unavailable)
Will    .....                    (boots unavailable)
Stlth   ++                       (no amulet)
HPRegen 0.30/turn                o - +6 ring of strength
MPRegen 0.14/turn                s - ring "Mabigeup" {rC+ MP+9 Int+2 Dex+6}

@: about to teleport
A: large, unfitting armour, tough skin 1
a: no special abilities


You were on level 6 of the Dungeon.
You visited 1 branch of the dungeon, and saw 5 of its levels.

You collected 142 gold pieces.

Inventory:

Hand Weapons
 a - a +0 war axe (weapon)
Missiles
 d - 3 throwing nets
 k - 11 stones
 l - a poisoned dart (quivered)
 q - a large rock
Armour
 b - a +0 robe (worn)
 c - a +0 hat (worn)
 j - a +1 cloak (worn)
Jewellery
 o - a +6 ring of strength (left hand)
 r - a ring of protection from cold
 s - the ring "Mabigeup" (right hand) {rC+ MP+9 Int+2 Dex+6}
   (You found it on level 3 of the Dungeon)

   [ring of magical power]

   Int:       It affects your intelligence (+2).
   Dex:       It affects your dexterity (+6).
   rC:        It protects you from cold.
   MP:        It affects your magic capacity (+9).
Wands
 e - a wand of roots (9)
Scrolls
 h - a scroll of poison {unknown}
 n - a scroll of teleportation
 t - a scroll of acquirement {unknown}
 w - a scroll of magic mapping {unknown}
 x - a scroll of amnesia {unknown}
Potions
 f - a potion of brilliance
 g - a potion of mutation
 i - 3 potions of curing
 m - a potion of flight {unknown}
 p - 2 potions of cancellation {unknown}
 u - 2 potions of degeneration {unknown}
 v - a potion of resistance {unknown}


   Skills:
 - Level 3.0 Fighting
 - Level 3.0 Axes
 + Level 6.4 Throwing
 - Level 3.0 Dodging


You had 5 spell levels left.
You didn't know any spells.
Your spell library contained the following spells:

 Spells                   Type           Power      Damage    Failure   Level
 Apportation              Tloc           0%         N/A       34%         1
 Necrotise                Necr           0%         1d4       34%         1
 Summon Small Mammal      Summ           0%         N/A       34%         1
 Kindle Blastsparks       Fire/Tloc/Air  0%         2d10      71%         3
 Fulminant Prism          Conj/Hex       0%         3d5       98%         4
 Iskenderun's Mystic Bla  Conj/Tloc      0%         2d3       98%         4
 Lee's Rapid Deconstruct  Erth           0%         3d4*      100%        5


Dungeon Overview and Level Annotations

Branches:
Dungeon (4/15)
 Temple: D:4-7

Altars:
Cheibriados


Innate Abilities, Weirdness & Mutations

You are too large for most types of armour.
You have tough skin. (AC +1)


Message History

The howler monkey hoots and howls with incredible vigour!
You hear an angry growl.
The howler monkey hoots and howls with incredible vigour!
An orc comes into view. It is wielding a +0 mace.
You hear a bark!
The sky beast attacks as you move away!
The sky beast hits you but does no damage.
The ogre hits you with a +0 giant spiked club!!
A hound comes into view.
The orc priest casts a cantrip, but nothing happens.
The ice beast hits you but does no damage.
The orc hits you with a +0 short sword.
You hit the howler monkey but do no damage.
You barely miss the sky beast. You hit the ice beast.
You closely miss the orc priest. You hit the orc. The howler monkey hits you.
The ice beast hits you but does no damage.
The orc priest completely misses you.
A sky beast appears from thin air!
The sky beast hits you but does no damage.
The orc barely misses you.
As you read the scroll labelled IFUSIE NESAN, it crumbles to dust.
You feel strangely unstable.
It was a scroll of teleportation.
The ogre barely misses you. The howler monkey hits you.
The sky beast flickers out of sight!
Deactivating autopickup; reactivate with Ctrl-A.
The sky beast hits you but does no damage.
The ice beast misses you. The orc hits you with a +0 short sword.
* * * LOW HITPOINT WARNING * * *
The orc priest barely misses you.
You hit the orc.
You kill the orc!
You hit the orc priest. You slash the howler monkey! You slash the ogre!
You hit the sky beast but do no damage. You barely miss the ice beast.
The howler monkey hits you.
* * * LOW HITPOINT WARNING * * *
The ice beast closely misses you. The sky beast hits you.
* * * LOW HITPOINT WARNING * * *
The sky beast shocks you.
* * * LOW HITPOINT WARNING * * *
The ogre hits you with a +0 giant spiked club!!
You die...

####...###.#. #.#.#
###Y....## #.#.#
####..##### ...#
#.....# ..#
#.###.###### #.#
#..........# ###
#.####..........#
##...##O..............#
#...o.@Y....##.....####
#.....hoY..............
#......h../..#.......##
#............#.......#
##..........###.>.....#
##...#....## #........
#######... .......
#..## ....


You could see an ice beast, a sky beast, an ogre, a howler monkey, a hound, an
orc priest and an orc.

Vanquished Creatures
  An ogre (D:4)
  Jessica (D:3)
  A mummy (D:3)
  8 gnolls
  3 adders (D:3)
  A white imp (D:6)
  2 dart slugs
  6 orcs
  6 endoplasms
  5 giant cockroaches (D:1)
  4 goblins
  8 hobgoblins
  5 jackals
  2 kobolds
  4 quokkas
  6 ball pythons
  5 bats
  5 frilled lizards
  9 rats
82 creatures vanquished.

Notes
Turn   | Place    | Note
-------+----------+-------------------------------------------
     0 | D:1      | Smoke131 the Ogre Gladiator began the quest for the Orb.
     0 | D:1      | Reached XP level 1. HP: 22/22 MP: 1/1
   142 | D:1      | Reached XP level 2. HP: 30/31 MP: 2/2
   365 | D:1      | Found a faded altar of an unknown god.
   481 | D:1      | Reached skill level 3 in Throwing
   481 | D:1      | Reached XP level 3. HP: 37/37 MP: 3/3
  1832 | D:2      | Reached XP level 4. HP: 45/45 MP: 4/4
  1995 | D:2      | Reached skill level 4 in Throwing
  2248 | D:3      | Identified the ring "Mabigeup" {rC+ MP+9 Int+2 Dex+6}
  2361 | D:3      | Noticed Jessica
  2367 | D:3      | Killed Jessica
  2368 | D:3      | Reached XP level 5. HP: 42/53 MP: 5/5
  2408 | D:3      | Reached skill level 5 in Throwing
  2738 | D:3      | Found a snail-covered altar of Cheibriados.
  3227 | D:4      | Reached XP level 6. HP: 54/61 MP: 6/6
  3306 | D:4      | Noticed a black bear
  3319 | D:4      | Reached skill level 6 in Throwing
  3342 | D:4      | You fall into a shaft and drop 2 floors!
  3345 | D:6      | Noticed a black bear
  3371 | D:6      | Noticed a sky beast
  3376 | D:6      | Noticed a sky beast
  3385 | D:6      | Noticed an ice beast
  3394 | D:6      | Demolished by an ogre

Illustrated notes

Levels and vault maps discovered:
D:1:      sevenhm_arrival_forest_fort_small_3, layout_loops_corners,
          hellmonk_ecumenical_altar_leap_of_faith
D:2:      layout_basic, minmay_misc_feat_doors, grunt_decor_one_mirror,
          hex_large
D:3:      layout_rooms, slow_altar_2, hex_medium, uniq_jessica
D:4:      layout_gridville
D:6:      layout_rooms, jmf_multi_god_temple

Skill      XL: |  1  2  3  4  5  6 |
---------------+-------------------+-----
Fighting       | 3 |  3.0
Dodging        | 3 |  3.0
Throwing       | 3 4 5 6 |  6.4
Axes           | |  3.0

Action                     |  1- 3 |  4- 6 || total
---------------------------+-------+-------++-------
  Melee: War axe           |   120 |    87 ||   207
         Punch             |     4 |       ||     4
  Throw: Dart              |     5 |     8 ||    13
         Stone             |       |     5 ||     5
         Large rock        |       |     3 ||     3
    Use: Scroll            |       |     5 ||     5
   Stab: Sleeping          |     2 |       ||     2
 Armour: Robe              |    37 |    47 ||    84
  Dodge: Dodged            |    91 |    70 ||   161

Table legend: (Time is in decaauts)
 A = Elapsed time spent in this place.
 B = Non-inter-level travel time spent in this place.
 C = Inter-level travel time spent in this place.
 D = Time resting spent in this place.
 E = Time spent auto-exploring this place.
 F = Levels seen in this place.
 G = Mean time per level.
                   A        B        C        D        E       F      G
               +--------+--------+--------+--------+--------+-----+--------+
         Total |   3472 |   3320 |    152 |    272 |   2126 |   5 |  694.4 |
       Dungeon |   3472 |   3320 |    152 |    272 |   2126 |   5 |  694.4 |
               +--------+--------+--------+--------+--------+-----+--------+

Top non-repeatable levels by time:
     D:1: 1225 daAuts
     D:2: 1061 daAuts
     D:3: 906 daAuts
     D:4: 224 daAuts
     D:6: 53 daAuts
